%YAML 1.1
%TAG !u! tag:unity3d.com,2011:
--- !u!1 &831153483281547767
GameObject:
  m_ObjectHideFlags: 0
  m_CorrespondingSourceObject: {fileID: 0}
  m_PrefabInstance: {fileID: 0}
  m_PrefabAsset: {fileID: 0}
  serializedVersion: 6
  m_Component:
  - component: {fileID: 831153483281547763}
  - component: {fileID: 831153483281547764}
  - component: {fileID: 831153483281547765}
  - component: {fileID: 831153483281547766}
  m_Layer: 0
  m_Name: Floor
  m_TagString: Untagged
  m_Icon: {fileID: 0}
  m_NavMeshLayer: 0
  m_StaticEditorFlags: 0
  m_IsActive: 1
--- !u!4 &831153483281547763
Transform:
  m_ObjectHideFlags: 0
  m_CorrespondingSourceObject: {fileID: 0}
  m_PrefabInstance: {fileID: 0}
  m_PrefabAsset: {fileID: 0}
  m_GameObject: {fileID: 831153483281547767}
  m_LocalRotation: {x: -0, y: -0, z: -0, w: 1}
  m_LocalPosition: {x: 0, y: 0, z: 0}
  m_LocalScale: {x: 10, y: 0.5, z: 6}
  m_Children: []
  m_Father: {fileID: 2163598036178466819}
  m_RootOrder: 0
  m_LocalEulerAnglesHint: {x: 0, y: 0, z: 0}
--- !u!33 &831153483281547764
MeshFilter:
  m_ObjectHideFlags: 0
  m_CorrespondingSourceObject: {fileID: 0}
  m_PrefabInstance: {fileID: 0}
  m_PrefabAsset: {fileID: 0}
  m_GameObject: {fileID: 831153483281547767}
  m_Mesh: {fileID: 10202, guid: 0000000000000000e000000000000000, type: 0}
--- !u!23 &831153483281547765
MeshRenderer:
  m_ObjectHideFlags: 0
  m_CorrespondingSourceObject: {fileID: 0}
  m_PrefabInstance: {fileID: 0}
  m_PrefabAsset: {fileID: 0}
  m_GameObject: {fileID: 831153483281547767}
  m_Enabled: 1
  m_CastShadows: 1
  m_ReceiveShadows: 1
  m_DynamicOccludee: 1
  m_MotionVectors: 1
  m_LightProbeUsage: 1
  m_ReflectionProbeUsage: 1
  m_RayTracingMode: 2
  m_RenderingLayerMask: 1
  m_RendererPriority: 0
  m_Materials:
  - {fileID: 2100000, guid: 413e6d5a4f3c3b64eaa05410fb3f35c5, type: 2}
  m_StaticBatchInfo:
    firstSubMesh: 0
    subMeshCount: 0
  m_StaticBatchRoot: {fileID: 0}
  m_ProbeAnchor: {fileID: 0}
  m_LightProbeVolumeOverride: {fileID: 0}
  m_ScaleInLightmap: 1
  m_ReceiveGI: 1
  m_PreserveUVs: 0
  m_IgnoreNormalsForChartDetection: 0
  m_ImportantGI: 0
  m_StitchLightmapSeams: 1
  m_SelectedEditorRenderState: 3
  m_MinimumChartSize: 4
  m_AutoUVMaxDistance: 0.5
  m_AutoUVMaxAngle: 89
  m_LightmapParameters: {fileID: 0}
  m_SortingLayerID: 0
  m_SortingLayer: 0
  m_SortingOrder: 0
--- !u!65 &831153483281547766
BoxCollider:
  m_ObjectHideFlags: 0
  m_CorrespondingSourceObject: {fileID: 0}
  m_PrefabInstance: {fileID: 0}
  m_PrefabAsset: {fileID: 0}
  m_GameObject: {fileID: 831153483281547767}
  m_Material: {fileID: 0}
  m_IsTrigger: 0
  m_Enabled: 1
  serializedVersion: 2
  m_Size: {x: 1, y: 1, z: 1}
  m_Center: {x: 0, y: 0, z: 0}
--- !u!1 &7044229403401009799
GameObject:
  m_ObjectHideFlags: 0
  m_CorrespondingSourceObject: {fileID: 0}
  m_PrefabInstance: {fileID: 0}
  m_PrefabAsset: {fileID: 0}
  serializedVersion: 6
  m_Component:
  - component: {fileID: 6501588298485285342}
  m_Layer: 0
  m_Name: Props
  m_TagString: Untagged
  m_Icon: {fileID: 0}
  m_NavMeshLayer: 0
  m_StaticEditorFlags: 0
  m_IsActive: 1
--- !u!4 &6501588298485285342
Transform:
  m_ObjectHideFlags: 0
  m_CorrespondingSourceObject: {fileID: 0}
  m_PrefabInstance: {fileID: 0}
  m_PrefabAsset: {fileID: 0}
  m_GameObject: {fileID: 7044229403401009799}
  m_LocalRotation: {x: -0, y: -0, z: -0, w: 1}
  m_LocalPosition: {x: 0, y: 0, z: 0}
  m_LocalScale: {x: 1, y: 1, z: 1}
  m_Children: []
  m_Father: {fileID: 2163598036178466819}
  m_RootOrder: 8
  m_LocalEulerAnglesHint: {x: 0, y: 0, z: 0}
--- !u!1 &7922538741495900378
GameObject:
  m_ObjectHideFlags: 0
  m_CorrespondingSourceObject: {fileID: 0}
  m_PrefabInstance: {fileID: 0}
  m_PrefabAsset: {fileID: 0}
  serializedVersion: 6
  m_Component:
  - component: {fileID: 7922538741495900379}
  - component: {fileID: 7922538741495900382}
  - component: {fileID: 7922538741495900377}
  - component: {fileID: 7922538741495900376}
  m_Layer: 0
  m_Name: Ceiling
  m_TagString: Untagged
  m_Icon: {fileID: 0}
  m_NavMeshLayer: 0
  m_StaticEditorFlags: 0
  m_IsActive: 1
--- !u!4 &7922538741495900379
Transform:
  m_ObjectHideFlags: 0
  m_CorrespondingSourceObject: {fileID: 0}
  m_PrefabInstance: {fileID: 0}
  m_PrefabAsset: {fileID: 0}
  m_GameObject: {fileID: 7922538741495900378}
  m_LocalRotation: {x: -0, y: -0, z: -0, w: 1}
  m_LocalPosition: {x: 0, y: 6, z: 0}
  m_LocalScale: {x: 10, y: 0.5, z: 6}
  m_Children: []
  m_Father: {fileID: 2163598036178466819}
  m_RootOrder: 1
  m_LocalEulerAnglesHint: {x: 0, y: 0, z: 0}
--- !u!33 &7922538741495900382
MeshFilter:
  m_ObjectHideFlags: 0
  m_CorrespondingSourceObject: {fileID: 0}
  m_PrefabInstance: {fileID: 0}
  m_PrefabAsset: {fileID: 0}
  m_GameObject: {fileID: 7922538741495900378}
  m_Mesh: {fileID: 10202, guid: 0000000000000000e000000000000000, type: 0}
--- !u!23 &7922538741495900377
MeshRenderer:
  m_ObjectHideFlags: 0
  m_CorrespondingSourceObject: {fileID: 0}
  m_PrefabInstance: {fileID: 0}
  m_PrefabAsset: {fileID: 0}
  m_GameObject: {fileID: 7922538741495900378}
  m_Enabled: 1
  m_CastShadows: 1
  m_ReceiveShadows: 1
  m_DynamicOccludee: 1
  m_MotionVectors: 1
  m_LightProbeUsage: 1
  m_ReflectionProbeUsage: 1
  m_RayTracingMode: 2
  m_RenderingLayerMask: 1
  m_RendererPriority: 0
  m_Materials:
  - {fileID: 2100000, guid: de46e90dc19b61441a312caaf0f5efb2, type: 2}
  m_StaticBatchInfo:
    firstSubMesh: 0
    subMeshCount: 0
  m_StaticBatchRoot: {fileID: 0}
  m_ProbeAnchor: {fileID: 0}
  m_LightProbeVolumeOverride: {fileID: 0}
  m_ScaleInLightmap: 1
  m_ReceiveGI: 1
  m_PreserveUVs: 0
  m_IgnoreNormalsForChartDetection: 0
  m_ImportantGI: 0
  m_StitchLightmapSeams: 1
  m_SelectedEditorRenderState: 3
  m_MinimumChartSize: 4
  m_AutoUVMaxDistance: 0.5
  m_AutoUVMaxAngle: 89
  m_LightmapParameters: {fileID: 0}
  m_SortingLayerID: 0
  m_SortingLayer: 0
  m_SortingOrder: 0
--- !u!65 &7922538741495900376
BoxCollider:
  m_ObjectHideFlags: 0
  m_CorrespondingSourceObject: {fileID: 0}
  m_PrefabInstance: {fileID: 0}
  m_PrefabAsset: {fileID: 0}
  m_GameObject: {fileID: 7922538741495900378}
  m_Material: {fileID: 0}
  m_IsTrigger: 0
  m_Enabled: 1
  serializedVersion: 2
  m_Size: {x: 1, y: 1, z: 1}
  m_Center: {x: 0, y: 0, z: 0}
--- !u!1 &7975746611609091790
GameObject:
  m_ObjectHideFlags: 0
  m_CorrespondingSourceObject: {fileID: 0}
  m_PrefabInstance: {fileID: 0}
  m_PrefabAsset: {fileID: 0}
  serializedVersion: 6
  m_Component:
  - component: {fileID: 2163598036178466819}
  m_Layer: 0
  m_Name: HallwayDoubleSideDoor
  m_TagString: Untagged
  m_Icon: {fileID: 0}
  m_NavMeshLayer: 0
  m_StaticEditorFlags: 0
  m_IsActive: 1
--- !u!4 &2163598036178466819
Transform:
  m_ObjectHideFlags: 0
  m_CorrespondingSourceObject: {fileID: 0}
  m_PrefabInstance: {fileID: 0}
  m_PrefabAsset: {fileID: 0}
  m_GameObject: {fileID: 7975746611609091790}
  m_LocalRotation: {x: 0, y: 0, z: 0, w: 1}
  m_LocalPosition: {x: 20.55, y: 0, z: 2.675}
  m_LocalScale: {x: 1, y: 1, z: 1}
  m_Children:
  - {fileID: 831153483281547763}
  - {fileID: 7922538741495900379}
  - {fileID: 4451038563862041090}
  - {fileID: 4451038564919554175}
  - {fileID: 4451038563591987342}
  - {fileID: 9062408252522875818}
  - {fileID: 5507900951954615487}
  - {fileID: 1150247106930163440}
  - {fileID: 6501588298485285342}
  m_Father: {fileID: 0}
  m_RootOrder: 0
  m_LocalEulerAnglesHint: {x: 0, y: 0, z: 0}
--- !u!1001 &1150247106929796542
PrefabInstance:
  m_ObjectHideFlags: 0
  serializedVersion: 2
  m_Modification:
    m_TransformParent: {fileID: 2163598036178466819}
    m_Modifications:
    - target: {fileID: 117854, guid: fb0c0b748de48f948978dd8dc3b53aae, type: 3}
      propertyPath: m_Name
      value: Halfwall (2)
      objectReference: {fileID: 0}
    - target: {fileID: 432974, guid: fb0c0b748de48f948978dd8dc3b53aae, type: 3}
      propertyPath: m_LocalPosition.x
      value: -2.6
      objectReference: {fileID: 0}
    - target: {fileID: 432974, guid: fb0c0b748de48f948978dd8dc3b53aae, type: 3}
      propertyPath: m_LocalPosition.y
      value: 0
      objectReference: {fileID: 0}
    - target: {fileID: 432974, guid: fb0c0b748de48f948978dd8dc3b53aae, type: 3}
      propertyPath: m_LocalPosition.z
      value: -2.97
      objectReference: {fileID: 0}
    - target: {fileID: 432974, guid: fb0c0b748de48f948978dd8dc3b53aae, type: 3}
      propertyPath: m_LocalRotation.x
      value: 0
      objectReference: {fileID: 0}
    - target: {fileID: 432974, guid: fb0c0b748de48f948978dd8dc3b53aae, type: 3}
      propertyPath: m_LocalRotation.y
      value: 0
      objectReference: {fileID: 0}
    - target: {fileID: 432974, guid: fb0c0b748de48f948978dd8dc3b53aae, type: 3}
      propertyPath: m_LocalRotation.z
      value: 0
      objectReference: {fileID: 0}
    - target: {fileID: 432974, guid: fb0c0b748de48f948978dd8dc3b53aae, type: 3}
      propertyPath: m_LocalRotation.w
      value: 1
      objectReference: {fileID: 0}
    - target: {fileID: 432974, guid: fb0c0b748de48f948978dd8dc3b53aae, type: 3}
      propertyPath: m_RootOrder
      value: 7
      objectReference: {fileID: 0}
    - target: {fileID: 432974, guid: fb0c0b748de48f948978dd8dc3b53aae, type: 3}
      propertyPath: m_LocalEulerAnglesHint.x
      value: 0
      objectReference: {fileID: 0}
    - target: {fileID: 432974, guid: fb0c0b748de48f948978dd8dc3b53aae, type: 3}
      propertyPath: m_LocalEulerAnglesHint.y
      value: 0
      objectReference: {fileID: 0}
    - target: {fileID: 432974, guid: fb0c0b748de48f948978dd8dc3b53aae, type: 3}
      propertyPath: m_LocalEulerAnglesHint.z
      value: 0
      objectReference: {fileID: 0}
    - target: {fileID: 432974, guid: fb0c0b748de48f948978dd8dc3b53aae, type: 3}
      propertyPath: m_LocalScale.z
      value: 0.2
      objectReference: {fileID: 0}
    - target: {fileID: 2348330, guid: fb0c0b748de48f948978dd8dc3b53aae, type: 3}
      propertyPath: m_Materials.Array.data[0]
      value: 
      objectReference: {fileID: 2100000, guid: de46e90dc19b61441a312caaf0f5efb2, type: 2}
    m_RemovedComponents: []
  m_SourcePrefab: {fileID: 100100000, guid: fb0c0b748de48f948978dd8dc3b53aae, type: 3}
--- !u!4 &1150247106930163440 stripped
Transform:
  m_CorrespondingSourceObject: {fileID: 432974, guid: fb0c0b748de48f948978dd8dc3b53aae,
    type: 3}
  m_PrefabInstance: {fileID: 1150247106929796542}
  m_PrefabAsset: {fileID: 0}
--- !u!1001 &4451038563591633856
PrefabInstance:
  m_ObjectHideFlags: 0
  serializedVersion: 2
  m_Modification:
    m_TransformParent: {fileID: 2163598036178466819}
    m_Modifications:
    - target: {fileID: 117854, guid: fb0c0b748de48f948978dd8dc3b53aae, type: 3}
      propertyPath: m_Name
      value: Halfwall
      objectReference: {fileID: 0}
    - target: {fileID: 432974, guid: fb0c0b748de48f948978dd8dc3b53aae, type: 3}
      propertyPath: m_LocalPosition.x
      value: -2.6
      objectReference: {fileID: 0}
    - target: {fileID: 432974, guid: fb0c0b748de48f948978dd8dc3b53aae, type: 3}
      propertyPath: m_LocalPosition.y
      value: 0
      objectReference: {fileID: 0}
    - target: {fileID: 432974, guid: fb0c0b748de48f948978dd8dc3b53aae, type: 3}
      propertyPath: m_LocalPosition.z
      value: 2.98
      objectReference: {fileID: 0}
    - target: {fileID: 432974, guid: fb0c0b748de48f948978dd8dc3b53aae, type: 3}
      propertyPath: m_LocalRotation.x
      value: 0
      objectReference: {fileID: 0}
    - target: {fileID: 432974, guid: fb0c0b748de48f948978dd8dc3b53aae, type: 3}
      propertyPath: m_LocalRotation.y
      value: 0
      objectReference: {fileID: 0}
    - target: {fileID: 432974, guid: fb0c0b748de48f948978dd8dc3b53aae, type: 3}
      propertyPath: m_LocalRotation.z
      value: 0
      objectReference: {fileID: 0}
    - target: {fileID: 432974, guid: fb0c0b748de48f948978dd8dc3b53aae, type: 3}
      propertyPath: m_LocalRotation.w
      value: 1
      objectReference: {fileID: 0}
    - target: {fileID: 432974, guid: fb0c0b748de48f948978dd8dc3b53aae, type: 3}
      propertyPath: m_RootOrder
      value: 4
      objectReference: {fileID: 0}
    - target: {fileID: 432974, guid: fb0c0b748de48f948978dd8dc3b53aae, type: 3}
      propertyPath: m_LocalEulerAnglesHint.x
      value: 0
      objectReference: {fileID: 0}
    - target: {fileID: 432974, guid: fb0c0b748de48f948978dd8dc3b53aae, type: 3}
      propertyPath: m_LocalEulerAnglesHint.y
      value: 0
      objectReference: {fileID: 0}
    - target: {fileID: 432974, guid: fb0c0b748de48f948978dd8dc3b53aae, type: 3}
      propertyPath: m_LocalEulerAnglesHint.z
      value: 0
      objectReference: {fileID: 0}
    - target: {fileID: 432974, guid: fb0c0b748de48f948978dd8dc3b53aae, type: 3}
      propertyPath: m_LocalScale.z
      value: 0.2
      objectReference: {fileID: 0}
    - target: {fileID: 2348330, guid: fb0c0b748de48f948978dd8dc3b53aae, type: 3}
      propertyPath: m_Materials.Array.data[0]
      value: 
      objectReference: {fileID: 2100000, guid: de46e90dc19b61441a312caaf0f5efb2, type: 2}
    m_RemovedComponents: []
  m_SourcePrefab: {fileID: 100100000, guid: fb0c0b748de48f948978dd8dc3b53aae, type: 3}
--- !u!4 &4451038563591987342 stripped
Transform:
  m_CorrespondingSourceObject: {fileID: 432974, guid: fb0c0b748de48f948978dd8dc3b53aae,
    type: 3}
  m_PrefabInstance: {fileID: 4451038563591633856}
  m_PrefabAsset: {fileID: 0}
--- !u!1001 &4451038563861583808
PrefabInstance:
  m_ObjectHideFlags: 0
  serializedVersion: 2
  m_Modification:
    m_TransformParent: {fileID: 2163598036178466819}
    m_Modifications:
    - target: {fileID: 164862, guid: 57abdd11cedcad8478c764228178c11f, type: 3}
      propertyPath: m_Name
      value: StoneGate
      objectReference: {fileID: 0}
    - target: {fileID: 460226, guid: 57abdd11cedcad8478c764228178c11f, type: 3}
      propertyPath: m_LocalPosition.x
      value: 3.21
      objectReference: {fileID: 0}
    - target: {fileID: 460226, guid: 57abdd11cedcad8478c764228178c11f, type: 3}
      propertyPath: m_LocalPosition.y
      value: 0.23
      objectReference: {fileID: 0}
    - target: {fileID: 460226, guid: 57abdd11cedcad8478c764228178c11f, type: 3}
      propertyPath: m_LocalPosition.z
      value: 3.02
      objectReference: {fileID: 0}
    - target: {fileID: 460226, guid: 57abdd11cedcad8478c764228178c11f, type: 3}
      propertyPath: m_LocalRotation.x
      value: -0
      objectReference: {fileID: 0}
    - target: {fileID: 460226, guid: 57abdd11cedcad8478c764228178c11f, type: 3}
      propertyPath: m_LocalRotation.y
      value: -0
      objectReference: {fileID: 0}
    - target: {fileID: 460226, guid: 57abdd11cedcad8478c764228178c11f, type: 3}
      propertyPath: m_LocalRotation.z
      value: -0
      objectReference: {fileID: 0}
    - target: {fileID: 460226, guid: 57abdd11cedcad8478c764228178c11f, type: 3}
      propertyPath: m_LocalRotation.w
      value: 1
      objectReference: {fileID: 0}
    - target: {fileID: 460226, guid: 57abdd11cedcad8478c764228178c11f, type: 3}
      propertyPath: m_RootOrder
      value: 2
      objectReference: {fileID: 0}
    - target: {fileID: 460226, guid: 57abdd11cedcad8478c764228178c11f, type: 3}
      propertyPath: m_LocalEulerAnglesHint.x
      value: 0
      objectReference: {fileID: 0}
    - target: {fileID: 460226, guid: 57abdd11cedcad8478c764228178c11f, type: 3}
      propertyPath: m_LocalEulerAnglesHint.y
      value: 0
      objectReference: {fileID: 0}
    - target: {fileID: 460226, guid: 57abdd11cedcad8478c764228178c11f, type: 3}
      propertyPath: m_LocalEulerAnglesHint.z
      value: 0
      objectReference: {fileID: 0}
    - target: {fileID: 460226, guid: 57abdd11cedcad8478c764228178c11f, type: 3}
      propertyPath: m_LocalScale.z
      value: 0.2
      objectReference: {fileID: 0}
    - target: {fileID: 2389662, guid: 57abdd11cedcad8478c764228178c11f, type: 3}
      propertyPath: m_Materials.Array.data[0]
      value: 
      objectReference: {fileID: 2100000, guid: de46e90dc19b61441a312caaf0f5efb2, type: 2}
    - target: {fileID: 2389662, guid: 57abdd11cedcad8478c764228178c11f, type: 3}
      propertyPath: m_Materials.Array.data[1]
      value: 
      objectReference: {fileID: 2100000, guid: de46e90dc19b61441a312caaf0f5efb2, type: 2}
    m_RemovedComponents: []
  m_SourcePrefab: {fileID: 100100000, guid: 57abdd11cedcad8478c764228178c11f, type: 3}
--- !u!4 &4451038563862041090 stripped
Transform:
  m_CorrespondingSourceObject: {fileID: 460226, guid: 57abdd11cedcad8478c764228178c11f,
    type: 3}
  m_PrefabInstance: {fileID: 4451038563861583808}
  m_PrefabAsset: {fileID: 0}
--- !u!1001 &4451038564919978801
PrefabInstance:
  m_ObjectHideFlags: 0
  serializedVersion: 2
  m_Modification:
    m_TransformParent: {fileID: 2163598036178466819}
    m_Modifications:
    - target: {fileID: 117854, guid: fb0c0b748de48f948978dd8dc3b53aae, type: 3}
      propertyPath: m_Name
      value: Halfwall
      objectReference: {fileID: 0}
    - target: {fileID: 432974, guid: fb0c0b748de48f948978dd8dc3b53aae, type: 3}
      propertyPath: m_LocalPosition.x
      value: 4.95
      objectReference: {fileID: 0}
    - target: {fileID: 432974, guid: fb0c0b748de48f948978dd8dc3b53aae, type: 3}
      propertyPath: m_LocalPosition.y
      value: 0
      objectReference: {fileID: 0}
    - target: {fileID: 432974, guid: fb0c0b748de48f948978dd8dc3b53aae, type: 3}
      propertyPath: m_LocalPosition.z
      value: 3.008
      objectReference: {fileID: 0}
    - target: {fileID: 432974, guid: fb0c0b748de48f948978dd8dc3b53aae, type: 3}
      propertyPath: m_LocalRotation.x
      value: 0
      objectReference: {fileID: 0}
    - target: {fileID: 432974, guid: fb0c0b748de48f948978dd8dc3b53aae, type: 3}
      propertyPath: m_LocalRotation.y
      value: 0
      objectReference: {fileID: 0}
    - target: {fileID: 432974, guid: fb0c0b748de48f948978dd8dc3b53aae, type: 3}
      propertyPath: m_LocalRotation.z
      value: 0
      objectReference: {fileID: 0}
    - target: {fileID: 432974, guid: fb0c0b748de48f948978dd8dc3b53aae, type: 3}
      propertyPath: m_LocalRotation.w
      value: 1
      objectReference: {fileID: 0}
    - target: {fileID: 432974, guid: fb0c0b748de48f948978dd8dc3b53aae, type: 3}
      propertyPath: m_RootOrder
      value: 3
      objectReference: {fileID: 0}
    - target: {fileID: 432974, guid: fb0c0b748de48f948978dd8dc3b53aae, type: 3}
      propertyPath: m_LocalEulerAnglesHint.x
      value: 0
      objectReference: {fileID: 0}
    - target: {fileID: 432974, guid: fb0c0b748de48f948978dd8dc3b53aae, type: 3}
      propertyPath: m_LocalEulerAnglesHint.y
      value: 0
      objectReference: {fileID: 0}
    - target: {fileID: 432974, guid: fb0c0b748de48f948978dd8dc3b53aae, type: 3}
      propertyPath: m_LocalEulerAnglesHint.z
      value: 0
      objectReference: {fileID: 0}
    - target: {fileID: 432974, guid: fb0c0b748de48f948978dd8dc3b53aae, type: 3}
      propertyPath: m_LocalScale.z
      value: 0.2
      objectReference: {fileID: 0}
    - target: {fileID: 2348330, guid: fb0c0b748de48f948978dd8dc3b53aae, type: 3}
      propertyPath: m_Materials.Array.data[0]
      value: 
      objectReference: {fileID: 2100000, guid: de46e90dc19b61441a312caaf0f5efb2, type: 2}
    m_RemovedComponents: []
  m_SourcePrefab: {fileID: 100100000, guid: fb0c0b748de48f948978dd8dc3b53aae, type: 3}
--- !u!4 &4451038564919554175 stripped
Transform:
  m_CorrespondingSourceObject: {fileID: 432974, guid: fb0c0b748de48f948978dd8dc3b53aae,
    type: 3}
  m_PrefabInstance: {fileID: 4451038564919978801}
  m_PrefabAsset: {fileID: 0}
--- !u!1001 &5507900951954782193
PrefabInstance:
  m_ObjectHideFlags: 0
  serializedVersion: 2
  m_Modification:
    m_TransformParent: {fileID: 2163598036178466819}
    m_Modifications:
    - target: {fileID: 117854, guid: fb0c0b748de48f948978dd8dc3b53aae, type: 3}
      propertyPath: m_Name
      value: Halfwall (1)
      objectReference: {fileID: 0}
    - target: {fileID: 432974, guid: fb0c0b748de48f948978dd8dc3b53aae, type: 3}
      propertyPath: m_LocalPosition.x
      value: 4.95
      objectReference: {fileID: 0}
    - target: {fileID: 432974, guid: fb0c0b748de48f948978dd8dc3b53aae, type: 3}
      propertyPath: m_LocalPosition.y
      value: 0
      objectReference: {fileID: 0}
    - target: {fileID: 432974, guid: fb0c0b748de48f948978dd8dc3b53aae, type: 3}
      propertyPath: m_LocalPosition.z
      value: -2.97
      objectReference: {fileID: 0}
    - target: {fileID: 432974, guid: fb0c0b748de48f948978dd8dc3b53aae, type: 3}
      propertyPath: m_LocalRotation.x
      value: 0
      objectReference: {fileID: 0}
    - target: {fileID: 432974, guid: fb0c0b748de48f948978dd8dc3b53aae, type: 3}
      propertyPath: m_LocalRotation.y
      value: 0
      objectReference: {fileID: 0}
    - target: {fileID: 432974, guid: fb0c0b748de48f948978dd8dc3b53aae, type: 3}
      propertyPath: m_LocalRotation.z
      value: 0
      objectReference: {fileID: 0}
    - target: {fileID: 432974, guid: fb0c0b748de48f948978dd8dc3b53aae, type: 3}
      propertyPath: m_LocalRotation.w
      value: 1
      objectReference: {fileID: 0}
    - target: {fileID: 432974, guid: fb0c0b748de48f948978dd8dc3b53aae, type: 3}
      propertyPath: m_RootOrder
      value: 6
      objectReference: {fileID: 0}
    - target: {fileID: 432974, guid: fb0c0b748de48f948978dd8dc3b53aae, type: 3}
      propertyPath: m_LocalEulerAnglesHint.x
      value: 0
      objectReference: {fileID: 0}
    - target: {fileID: 432974, guid: fb0c0b748de48f948978dd8dc3b53aae, type: 3}
      propertyPath: m_LocalEulerAnglesHint.y
      value: 0
      objectReference: {fileID: 0}
    - target: {fileID: 432974, guid: fb0c0b748de48f948978dd8dc3b53aae, type: 3}
      propertyPath: m_LocalEulerAnglesHint.z
      value: 0
      objectReference: {fileID: 0}
    - target: {fileID: 432974, guid: fb0c0b748de48f948978dd8dc3b53aae, type: 3}
      propertyPath: m_LocalScale.z
      value: 0.2
      objectReference: {fileID: 0}
    - target: {fileID: 2348330, guid: fb0c0b748de48f948978dd8dc3b53aae, type: 3}
      propertyPath: m_Materials.Array.data[0]
      value: 
      objectReference: {fileID: 2100000, guid: de46e90dc19b61441a312caaf0f5efb2, type: 2}
    m_RemovedComponents: []
  m_SourcePrefab: {fileID: 100100000, guid: fb0c0b748de48f948978dd8dc3b53aae, type: 3}
--- !u!4 &5507900951954615487 stripped
Transform:
  m_CorrespondingSourceObject: {fileID: 432974, guid: fb0c0b748de48f948978dd8dc3b53aae,
    type: 3}
  m_PrefabInstance: {fileID: 5507900951954782193}
  m_PrefabAsset: {fileID: 0}
--- !u!1001 &9062408252523204200
PrefabInstance:
  m_ObjectHideFlags: 0
  serializedVersion: 2
  m_Modification:
    m_TransformParent: {fileID: 2163598036178466819}
    m_Modifications:
    - target: {fileID: 164862, guid: 57abdd11cedcad8478c764228178c11f, type: 3}
      propertyPath: m_Name
      value: StoneGate (1)
      objectReference: {fileID: 0}
    - target: {fileID: 460226, guid: 57abdd11cedcad8478c764228178c11f, type: 3}
      propertyPath: m_LocalPosition.x
      value: 3.21
      objectReference: {fileID: 0}
    - target: {fileID: 460226, guid: 57abdd11cedcad8478c764228178c11f, type: 3}
      propertyPath: m_LocalPosition.y
      value: 0.23
      objectReference: {fileID: 0}
    - target: {fileID: 460226, guid: 57abdd11cedcad8478c764228178c11f, type: 3}
      propertyPath: m_LocalPosition.z
      value: -3
      objectReference: {fileID: 0}
    - target: {fileID: 460226, guid: 57abdd11cedcad8478c764228178c11f, type: 3}
      propertyPath: m_LocalRotation.x
      value: -0
      objectReference: {fileID: 0}
    - target: {fileID: 460226, guid: 57abdd11cedcad8478c764228178c11f, type: 3}
      propertyPath: m_LocalRotation.y
      value: -0
      objectReference: {fileID: 0}
    - target: {fileID: 460226, guid: 57abdd11cedcad8478c764228178c11f, type: 3}
      propertyPath: m_LocalRotation.z
      value: -0
      objectReference: {fileID: 0}
    - target: {fileID: 460226, guid: 57abdd11cedcad8478c764228178c11f, type: 3}
      propertyPath: m_LocalRotation.w
      value: 1
      objectReference: {fileID: 0}
    - target: {fileID: 460226, guid: 57abdd11cedcad8478c764228178c11f, type: 3}
      propertyPath: m_RootOrder
      value: 5
      objectReference: {fileID: 0}
    - target: {fileID: 460226, guid: 57abdd11cedcad8478c764228178c11f, type: 3}
      propertyPath: m_LocalEulerAnglesHint.x
      value: 0
      objectReference: {fileID: 0}
    - target: {fileID: 460226, guid: 57abdd11cedcad8478c764228178c11f, type: 3}
      propertyPath: m_LocalEulerAnglesHint.y
      value: 0
      objectReference: {fileID: 0}
    - target: {fileID: 460226, guid: 57abdd11cedcad8478c764228178c11f, type: 3}
      propertyPath: m_LocalEulerAnglesHint.z
      value: 0
      objectReference: {fileID: 0}
    - target: {fileID: 460226, guid: 57abdd11cedcad8478c764228178c11f, type: 3}
      propertyPath: m_LocalScale.z
      value: 0.2
      objectReference: {fileID: 0}
    - target: {fileID: 2389662, guid: 57abdd11cedcad8478c764228178c11f, type: 3}
      propertyPath: m_Materials.Array.data[0]
      value: 
      objectReference: {fileID: 2100000, guid: de46e90dc19b61441a312caaf0f5efb2, type: 2}
    - target: {fileID: 2389662, guid: 57abdd11cedcad8478c764228178c11f, type: 3}
      propertyPath: m_Materials.Array.data[1]
      value: 
      objectReference: {fileID: 2100000, guid: de46e90dc19b61441a312caaf0f5efb2, type: 2}
    m_RemovedComponents: []
  m_SourcePrefab: {fileID: 100100000, guid: 57abdd11cedcad8478c764228178c11f, type: 3}
--- !u!4 &9062408252522875818 stripped
Transform:
  m_CorrespondingSourceObject: {fileID: 460226, guid: 57abdd11cedcad8478c764228178c11f,
    type: 3}
  m_PrefabInstance: {fileID: 9062408252523204200}
  m_PrefabAsset: {fileID: 0}
